 Dungeon Crawl Stone Soup version 0.21-a0-88-g13b9641 (webtiles) character file.

2144 grindst0ne the Protected (level 9, -4/76 HPs)
             Began as a Formicid Fighter on June 26, 2017.
             Was a Believer of Ru.
             Slain by an orc warrior
             ... wielding a +1 scimitar of slicing
              (17 damage)
             ... on level 6 of the Dungeon.
             The game lasted 00:10:12 (6046 turns).

grindst0ne the Protected (Formicid Fighter)         Turns: 6046, Time: 00:10:13

Health: -4/76      AC: 12    Str: 19 (21) XL:     9   Next: 56%
Magic:  9/9        EV:  7    Int:  6 (8)  God:    Ru [**....]
Gold:   252        SH: 10    Dex: 11 (13) Spells: 8/8 levels left

rFire    . . .     SeeInvis +   a - +0 long sword
rCold    . . .     Gourm    .   c - +0 shield
rNeg     . . .     Faith    .   z - +0 chain mail
rPois    .         Spirit   .   (helmet unavailable)
rElec    .         Reflect  .   (no cloak)
rCorr    .         Harm     .   (no gloves)
MR       .....                  v - +0 pair of boots (curse)
Stlth    ..........             (no amulet)
HPRegen  0.22/turn              (no ring)
MPRegen  0.11/turn              (no ring)

@: no status effects
A: permanent stasis, dig shafts and tunnels, four strong arms, antennae 3,
inability to use devices
a: Dig, Shaft Self, Renounce Religion


You were on level 6 of the Dungeon.
You worshipped Ru.
Ru was pleased with you.
You were hungry.

You visited 1 branch of the dungeon, and saw 6 of its levels.

You collected 252 gold pieces.

Inventory:

Hand Weapons
 a - a +0 long sword (weapon)
 F - a +0 dire flail
Missiles
 q - 3 throwing nets (quivered)
Armour
 b - a +0 scale mail
 c - a +0 shield (worn)
 k - a +0 pair of boots
 v - a cursed +0 pair of boots (worn)
 z - a +0 chain mail (worn)
Jewellery
 E - an uncursed ring of see invisible {unknown}
Wands
 d - a wand of flame (22/48)
 u - a wand of iceblast (0/15)
 w - a wand of iceblast (2/15)
 y - a wand of random effects (26/48)
Scrolls
 e - 4 scrolls of teleportation {unknown}
 m - 4 scrolls of remove curse {unknown}
 p - 2 scrolls of noise {unknown}
 r - 3 scrolls of identify {unknown}
 s - a scroll of blinking {unknown}
 B - a scroll of enchant weapon {unknown}
Potions
 h - 5 potions of heal wounds
 i - 2 potions of degeneration
 j - 2 potions of brilliance
 l - 4 potions of curing
 o - a potion of haste {unknown}
 x - a potion of might
 A - a potion of berserk rage {unknown}
 C - a potion of lignification {unknown}
 D - a potion of mutation {unknown}
Comestibles
 f - 2 bread rations
 g - a royal jelly
 n - 4 meat rations
 t - 2 fruits


   Skills:
 + Level 9.0 Fighting
 - Level 2.0 Long Blades
 + Level 9.1 Armour
 - Level 7.0 Shields


You had 8 spell levels left.
You didn't know any spells.

Dungeon Overview and Level Annotations

Branches:
Dungeon (6/15)             Temple (0/1) D:4

Altars:
Hepliaklqana
Kikubaaqudgha
Nemelex Xobeh
Okawaru
Ru
Sif Muna


Innate Abilities, Weirdness & Mutations

You cannot be hasted, slowed, berserked, paralysed or teleported.
You can dig through walls and to a lower floor.
Your four strong arms can wield two-handed weapons with a shield.
You have a pair of large antennae on your head. (SInv)
You cannot study or use magical devices.


Message History

The orc warrior is heavily wounded.
You block the orc warrior's attack.
You hit the orc warrior.
The orc warrior is heavily wounded.
You feel a little less clever now. The orc warrior closely misses you.
You riposte.
You closely miss the orc warrior.
The orc warrior is heavily wounded.
You closely miss the orc warrior.
The orc warrior is heavily wounded.
The orc warrior hits you with a scimitar of slicing!
* * * LOW HITPOINT WARNING * * *
x2 You hit the orc warrior.
The orc warrior is heavily wounded.
The orc warrior hits you with a scimitar of slicing!
* * * LOW HITPOINT WARNING * * *
x2 You focus your will and blind the orc warrior in retribution!
You feel better.
The orc warrior hits you with a scimitar of slicing!
You die...

#.................
#####.........o.......
..........##'#.######
.......(..#...o.......
..........#.o.........
.......)..#.{{........
.........<##o#########
#############o# #@##
###


You could see an orc warrior (blind).

Vanquished Creatures
  A two-headed ogre (D:4)
  Sigmund (D:3)
  Edmund (D:5)
  An ice beast (D:5)
  A sky beast (D:5)
  An ogre (D:4)
  2 phantoms
  A bullfrog (D:6)
  A howler monkey (D:5)
  3 crimson imps (D:5)
  An orc priest (D:3)
  2 hounds (D:4)
  2 iguanas (D:5)
  An orc wizard (D:3)
  5 worker ants
  Robin (D:3)
  7 gnolls (D:4)
  2 worker ant zombies
  6 adders
  A shadow imp (D:5)
  An ooze (D:1)
  An adder skeleton (D:4)
  5 worms
  4 dart slugs
  3 leopard geckos
  5 orcs
  8 giant cockroaches
  12 goblins
  16 hobgoblins
  8 jackals
  10 kobolds
  3 quokkas
  A ball python (D:4)
  10 bats
  5 frilled lizards
  A leopard gecko skeleton (D:3)
  A quokka skeleton (D:4)
  5 rats
140 creatures vanquished.

Notes
Turn   | Place    | Note
-------+----------+-------------------------------------------
     0 | D:1      | grindst0ne the Formicid Fighter began the quest for the Orb.
     0 | D:1      | Reached XP level 1. HP: 18/18 MP: 1/1
   188 | D:1      | Reached XP level 2. HP: 24/24 MP: 2/2
   602 | D:1      | You fall through a shaft!
   606 | D:2      | Reached XP level 3. HP: 29/29 MP: 3/3
  1004 | D:2      | Reached XP level 4. HP: 35/35 MP: 4/4
  1569 | D:2      | Reached skill level 5 in Shields
  1646 | D:3      | Noticed Robin
  1701 | D:3      | Killed Robin
  1703 | D:3      | Reached XP level 5. HP: 15/42 MP: 5/5
  2003 | D:3      | Found a sparkling altar of Nemelex Xobeh.
  2329 | D:3      | Reached XP level 6. HP: 19/48 MP: 6/6
  2616 | D:3      | Found a faded altar of an unknown god.
  2639 | D:3      | Noticed Sigmund
  2667 | D:3      | Killed Sigmund
  2667 | D:3      | Reached skill level 5 in Armour
  2667 | D:3      | Reached XP level 7. HP: 35/55 MP: 7/7
  3057 | D:3      | Found a sacrificial altar of Ru.
  3067 | D:3      | Became a worshipper of Ru the Awakened
  3266 | D:4      | Found a staircase to the Ecumenical Temple.
  3312 | D:4      | Noticed a two-headed ogre
  3322 | D:4      | Killed a two-headed ogre
  3322 | D:4      | Reached XP level 8. HP: 21/65 MP: 8/8
  4312 | D:4      | Found a hazy altar of Hepliaklqana.
  4667 | D:4      | Found a deep blue altar of Sif Muna.
  4720 | D:4      | Reached XP level 9. HP: 69/73 MP: 9/9
  4772 | D:5      | Entered Level 5 of the Dungeon
  4772 | D:5      | Noticed Edmund
  4813 | D:5      | Killed Edmund
  5335 | D:5      | Gained mutation: You cannot study or use magical devices. [Ru sacrifice]
  5335 | D:5      | Reached * piety under Ru
  5335 | D:5      | Reached ** piety under Ru
  5696 | D:5      | Found an ancient bone altar of Kikubaaqudgha.
  5754 | D:6      | Found an iron altar of Okawaru.
  6046 | D:6      | Slain by an orc warrior

Vault maps used:
D:1:      dpeg_arrival_leaves_temple_mockup
D:3:      lemuel_coloured_pillars_altar, chequers_ecumenical_altar_simple,
          hangedman_feature_mirror, st_stairs_3, nemelex_spade_bored_becter,
          uniq_robin, uniq_sigmund
D:4:      lemuel_crystal_altar, lemuel_blue_sif_altar, temple_fountains,
          eino_small_chamber_without_monster, minmay_close_crescents
D:5:      kennysheep_mini_moat, first_bread, uniq_edmund
D:6:      okawaru_trees_1, uniq_menkaure

Skill      XL: |  1  2  3  4  5  6  7  8  9 |
---------------+----------------------------+-----
Shields        | 4 5 6 7 |  7.0
Armour         | 4 5 7 9 |  9.1
Fighting       | 4 6 7 9 |  9.0
Long Blades    | |  2.0

Action                   |  1- 3 |  4- 6 |  7- 9 || total
-------------------------+-------+-------+-------++-------
Melee: Long sword        |    68 |   239 |   376 ||   683
Invok: Sacrifice Artific |       |       |     1 ||     1
 Abil: Dig               |     1 |     9 |     6 ||    16
Evoke: Wand              |       |       |     4 ||     4
  Use: Potion            |       |     2 |     4 ||     6
  Eat: Chunk             |     1 |     6 |     8 ||    15
       Bread ration      |       |       |     1 ||     1
Armor: Scale mail        |    33 |    92 |    93 ||   218
       Chain mail        |       |       |    24 ||    24
Dodge: Dodged            |    25 |    75 |    98 ||   198
Block: Shield            |    43 |   142 |   209 ||   394
       Rpst.: Long sword |     7 |    17 |    36 ||    60
